 Dungeon Crawl Stone Soup version 0.31.0-32-g396128a36d (webtiles) character file.

Game seed: 15752459018303655988

425 RKaid the Ruffian (level 6, 0/42 HPs)
             Began as an Octopode Shapeshifter on Mar 13, 2024.
             Slain by an ogre
             ... wielding a +0 giant club
              (18 damage)
             ... on level 4 of the Dungeon.
             The game lasted 00:07:33 (3491 turns).

RKaid the Ruffian (Octopode Shapeshifter)           Turns: 3491, Time: 00:07:33

Health: 0/42       AC:  1    Str: 15    XL:     6   Next: 96%
Magic:  0/6        EV: 13    Int: 13    God:
Gold:   169        SH:  0    Dex: 11    Spells: 5/5 levels left

rFire   . .          .
                       - Unarmed
rCold   . . .        (no shield)
rNeg    . . .        (helmet currently unavailable)
rPois   .            k - amulet of guardian spirit
rElec   .            q - ring of wizardry {Wiz+}
rCorr   .            (no ring)
SInv    .            (no ring)
Will    .....        (no ring)
Stlth   ++           (no ring)
HPRegen 0.27/turn    (no ring)
MPRegen 0.10/turn    (no ring)
                     (no ring)

%: guardian spirit, wizardry (x1)
@: beast-form
A: beast (slay +2), almost no armour, amphibious, 8 rings, camouflage 1,
gelatinous body 1, (nimble swimmer 1), tentacles
a: Begin Untransformation


You were on level 4 of the Dungeon.
You were a hulking beast.
You visited 1 branch of the dungeon, and saw 6 of its levels.

You collected 169 gold pieces.

Inventory:

Jewellery
 k - an amulet of guardian spirit (around mantle)
   (You found it on level 2 of the Dungeon)
 q - a ring of wizardry (left tentacle) {Wiz+}
   (You found it on level 4 of the Dungeon)
Talismans
 b - a beast talisman
 c - a flux talisman
Wands
 r - a wand of flame (19)
   (You found it on level 4 of the Dungeon)
Scrolls
 d - a scroll of immolation {unknown}
 h - a scroll of fog
 i - a scroll of blinking {unknown}
 j - 2 scrolls of fear
 l - 2 scrolls of revelation
 n - 2 scrolls of enchant weapon
 p - a scroll of enchant armour {unknown}
Potions
 a - a potion of lignification {!q}
 e - 2 potions of cancellation
 f - a potion of berserk rage {!q}
 g - a potion of attraction {unknown}
 m - 2 potions of brilliance
 o - a potion of mutation {unknown}
 s - a potion of might {unknown}


   Skills:
 + Level 3.0 Fighting
 + Level 3.6 Dodging
 * Level 5.3 Unarmed Combat
 + Level 4.0 Shapeshifting


You had 5 spell levels left.
You didn't know any spells.
Your spell library contained the following spells:

 Spells                   Type           Power      Damage    Failure   Level
 Foxfire                  Conj/Fire      0%         2x1d4     12%         1
 Kiss of Death            Conj/Necr      0%         2d5       12%         1
 Lesser Beckoning         Tloc           0%         N/A       19%         2
 Call Canine Familiar     Summ           0%         N/A       34%         3
 Confusing Touch          Hex            0%         N/A       34%         3
 Gell's Gravitas          Tloc           0%         N/A       34%         3
 Sigil of Binding         Hex            0%         N/A       34%         3
 Teleport Other           Tloc           0%         N/A       34%         3
 Dimensional Bullseye     Hex/Tloc       0%         N/A       73%         4
 Dispel Undead            Necr           0%         3d6       73%         4
 Plasma Beam              Fire/Air       0%         2x1d10    100%        6
 Starburst                Conj/Fire      0%         6d3       100%        6


Dungeon Overview and Level Annotations

Branches:
Dungeon (6/15)
 Temple: D:4-7

Altars:
Elyvilon
Hepliaklqana
Sif Muna
Uskayaw
Xom
The Shining One


Innate Abilities, Weirdness & Mutations

You are a hulking beast.
Your limbs bulge with bestial killing power. (Slay +2)
You cannot wear most types of armour.
You are amphibious.
You can wear up to eight rings at the same time.
Your skin changes colour to match your surroundings (Stealth+).
Your rubbery body absorbs attacks. (AC +1, EV +1)
((You are camouflaged when in or above water. (Stealth+)))
You have tentacles for arms and can constrict up to eight enemies at once.


Message History

You open the door.
Found two stone staircases leading up.
There is an open door here.
There is a stone staircase leading up here.
You climb upwards.
There is a stone staircase leading down here.
Found a scroll labelled GYHE DAROC.
Found a shimmering blue altar of Sif Muna.
i - a scroll labelled WIBBEC GUESEQ
Found a sling.
Found a glowing golden altar of the Shining One.
p - a scroll labelled GYHE DAROC
Found a hide-covered altar of Uskayaw.
There is a glowing golden altar of the Shining One here.
q - a ring of wizardry {Wiz+}
q - a ring of wizardry (left tentacle) {Wiz+}
Found a shimmering altar of Xom.
Okay, then.
A ball python comes into view.
Found a white marble altar of Elyvilon.
You see here a wand of flame (19).
r - a wand of flame (19)
The ball python hisses angrily.
You tentacle-slap the ball python. You grab the ball python.
Your squeeze misses the ball python. You constrict the ball python.
You kill the ball python!
Found a hazy altar of Hepliaklqana.
There is a hazy altar of Hepliaklqana here.
Found a stone staircase leading down.
s - a purple potion
There is a white marble altar of Elyvilon here.
There is a shimmering altar of Xom here.
There is a hide-covered altar of Uskayaw here.
There is a glowing golden altar of the Shining One here.
There is a shimmering blue altar of Sif Muna here.
Okay, then.
Okay, then.
An iguana comes into view.
The iguana hisses angrily.
The iguana misses you.
You tentacle-slap the iguana. Your grab misses the iguana.
The iguana closely misses you.
You bludgeon the iguana! Your grab misses the iguana.
Your squeeze misses the iguana. The iguana bites you!
You tentacle-slap the iguana. You grab the iguana. You squeeze the iguana.
You kill the iguana!
No target in view!
A ribbon worm comes into view.
You bludgeon the ribbon worm! You grab the ribbon worm.
You constrict the ribbon worm. The ribbon worm bites you!
You bludgeon the ribbon worm! You squeeze the ribbon worm.
You kill the ribbon worm!
No target in view!
A goblin comes into view. It is wielding a +0 dagger.
The goblin shouts!
The goblin hits you with a +0 dagger.
You barely miss the goblin. Your grab misses the goblin.
You closely miss the goblin. Your grab misses the goblin.
Your squeeze misses the goblin. The goblin hits you with a +0 dagger.
You tentacle-slap the goblin. You grab the goblin. You constrict the goblin.
The goblin barely misses you.
You barely miss the goblin. You squeeze the goblin.
You kill the goblin!
No target in view!
You pick up a book of Displacement and begin reading...
You add the spells Lesser Beckoning, Gell's Gravitas and Teleport Other to your library.
Found a stone staircase leading down.
There is a stone staircase leading down here.
A giant cockroach comes into view.
You bludgeon the giant cockroach!
You kill the giant cockroach!
No target in view!
No target in view!
No target in view!
No target in view!
No target in view!
No target in view!
No target in view!
No target in view!
You see here a giant cockroach corpse.
You see here a giant cockroach corpse.
An endoplasm comes into view.
An ogre comes into view. It is wielding a +0 giant club.
The endoplasm quivers.
The ogre shouts!
You tentacle-slap the endoplasm. You squeeze the endoplasm.
The endoplasm closely misses you.
You bludgeon the endoplasm!
You kill the endoplasm!
You tentacle-slap the ogre. The ogre closely misses you.
You bludgeon the ogre!
You tentacle-slap the ogre but do no damage.
Your squeeze misses the ogre.
The ogre hits you with a +0 giant club!!
Ouch! That really hurt!
You are too injured to fight recklessly!
You bludgeon the ogre! You squeeze the ogre. You tentacle-slap the ogre.
Your squeeze misses the ogre.
The ogre hits you with a +0 giant club!!
You die...

##.......#.##.#*,,,,,,,,******,,,
...........##.##.#****,,,,,,,,,,*
########.####.##.#****,,,,,,,,,,*
#.# *,,...,,,,,,*******,* #.#
***#.#****,,*******,* #.# #.#
*,,,,,,,**,* #.#
####.#####.#****,**,* #.#
#...O......# *,,,,, #.#
#.##h#***,,* ****,* #.# #.##.#
*,,********,* #.# ##.##.#
*,,,,,,,,,,,* #.###...#.#
*,*********** #.....#...# *,*
#####...### *,* ##.## *,*
#†#######.* #.........*


You could see an ogre.

Vanquished Creatures
  2 phantoms
  2 scorpions
  A howler monkey (D:6)
  An iguana (D:4)
  2 adders
  2 ribbon worms
  2 dart slugs (D:1)
  5 orcs
  5 endoplasms
  2 giant cockroaches
  5 hobgoblins
  7 kobolds
  A quokka (D:2)
  9 ball pythons
  8 bats
  3 frilled lizards
  8 goblins
  4 rats
69 creatures vanquished.

Notes
Turn   | Place    | Note
-------+----------+-------------------------------------------
     0 | D:1      | RKaid the Octopode Shapeshifter began the quest for the
                  | Orb.
     0 | D:1      | Reached XP level 1. HP: 13/13 MP: 1/1
   256 | D:1      | Reached XP level 2. HP: 18/18 MP: 2/2
   264 | D:1      | Found a faded altar of an unknown god.
   404 | D:1      | Reached XP level 3. HP: 20/23 MP: 3/3
   992 | D:2      | Noticed a phantom
  1006 | D:2      | Killed a phantom
  1007 | D:2      | Reached skill level 2 in Fighting
  1007 | D:2      | Reached skill level 4 in Unarmed Combat
  1007 | D:2      | Reached XP level 4. HP: 23/29 MP: 4/4
  1206 | D:2      | Reached XP level 5. HP: 34/34 MP: 5/5
  1833 | D:3      | Reached skill level 3 in Dodging
  2673 | D:4      | HP: 8/35 [poisoned by a scorpion]
  2905 | D:4      | You fall into a shaft and drop 2 floors!
  2940 | D:6      | Reached XP level 6. HP: 41/41 MP: 6/6
  2947 | D:6      | Reached skill level 5 in Unarmed Combat
  3018 | D:6      | Reached skill level 3 in Fighting
  3018 | D:6      | Reached skill level 4 in Shapeshifting
  3019 | D:6      | HP: 10/42 [poisoned by a scorpion]
  3157 | D:5      | Entered Level 5 of the Dungeon
  3169 | D:4      | Found a shimmering blue altar of Sif Muna.
  3172 | D:4      | Found a glowing golden altar of the Shining One.
  3180 | D:4      | Found a hide-covered altar of Uskayaw.
  3187 | D:4      | Found a shimmering altar of Xom.
  3191 | D:4      | Found a white marble altar of Elyvilon.
  3198 | D:4      | Found a hazy altar of Hepliaklqana.
  3491 | D:4      | Slain by an ogre

Illustrated notes

Levels and vault maps discovered:
D:1:      wheals_arrival_shading, layout_basic,
          hellmonk_ecumenical_altar_prayer_group
D:2:      layout_loops_ring
D:3:      layout_basic
D:4:      layout_loops_ring, nicolae_overflow_hallway_of_the_gods
D:5:      layout_loops_corners, cheibrodos_worm_habitat,
          nemelex_dance_club_becter
D:6:      layout_basic, serial_park_tiny_1, minmay_increasing_density,
          uniq_crazy_yiuf_cottage

Skill      XL: |  1  2  3  4  5  6 |
---------------+-------------------+-----
Fighting       | 2 3 |  3.0
Unarmed Combat | 4 5 |  5.3
Dodging        | 3 |  3.6
Shapeshifting  | 4 |  4.0

Action                     |  1- 3 |  4- 6 || total
---------------------------+-------+-------++-------
  Melee: Unarmed           |    62 |    84 ||   146
         Constrict         |    14 |    17 ||    31
         Tentacles         |     9 |    23 ||    32
         Punch             |       |     1 ||     1
    Use: Scroll            |       |     7 ||     7
         Potion            |       |     1 ||     1
   Stab: Sleeping          |     4 |     6 ||    10
 Armour: Skin              |    21 |    38 ||    59
  Dodge: Dodged            |    36 |    50 ||    86

Table legend: (Time is in decaauts)
 A = Elapsed time spent in this place.
 B = Non-inter-level travel time spent in this place.
 C = Inter-level travel time spent in this place.
 D = Time resting spent in this place.
 E = Time spent auto-exploring this place.
 F = Levels seen in this place.
 G = Mean time per level.
                   A        B        C        D        E       F      G
               +--------+--------+--------+--------+--------+-----+--------+
         Total |   3479 |   3349 |    130 |    358 |   2429 |   6 |  579.8 |
       Dungeon |   3479 |   3349 |    130 |    358 |   2429 |   6 |  579.8 |
               +--------+--------+--------+--------+--------+-----+--------+

Top non-repeatable levels by time:
     D:3: 1033 daAuts
     D:1: 809 daAuts
     D:2: 732 daAuts
     D:4: 643 daAuts
     D:6: 252 daAuts
     D:5: 8 daAuts

Table legend:
 A = Kills in this place as a percentage of kills in the entire game.
 B = Kills by you in this place as a percentage of kills by you in the entire game.
 C = Kills by friends in this place as a percentage of kills by friends in the entire game.
 D = Other kills in this place as a percentage of other kills in the entire game.
 E = Experience gained in this place as a percentage of experience gained in the entire game.
 F = Experience gained in this place divided by the number of levels of this place that you have seen.
                   A       B       C       D       E      F
               +-------+-------+-------+-------+-------+----------------------
         Total | 100.0 | 100.0 |   N/A |   N/A | 100.0 | 101.3
       Dungeon | 100.0 | 100.0 |   N/A |   N/A | 100.0 | 101.3
               +-------+-------+-------+-------+-------+----------------------
